 Dungeon Crawl Stone Soup version 0.21.1 (webtiles) character file.

15815 Monsterracer the Cleaver (level 12, -10/104 HPs)
             Began as a Red Draconian Fighter on Feb 3, 2018.
             Was a High Priest of Okawaru.
             Killed from afar by an orc sorcerer (31 damage)
             ... with a bolt of negative energy
             ... on level 2 of the Orcish Mines.
             The game lasted 00:23:38 (14216 turns).

Monsterracer the Cleaver (Red Draconian Fighter)   Turns: 14216, Time: 00:23:38

Health: -10/104    AC: 14    Str: 20    XL:     12   Next: 4%
Magic:  18/18      EV: 14    Int: 10    God:    Okawaru [*****.]
Gold:   1280       SH: 11    Dex: 13    Spells: 9/11 levels left

rFire    + . .     SeeInvis .   a - +2 war axe (chop)
rCold    . . .     Gourm    .   i - +0 shield
rNeg     . . .     Faith    .   (armour unavailable)
rPois    .         Spirit   .   (helmet restricted)
rElec    .         Reflect  .   h - +2 cloak
rCorr    .         Harm     .   q - +1 pair of gloves
MR       .....                  g - +0 pair of boots (curse)
Stlth    +.........             (no amulet)
HPRegen  0.27/turn              (no ring)
MPRegen  0.16/turn              (no ring)

@: drained
A: breathe fire, unfitting armour, fire resistance 1, cold-blooded, AC +8
a: Breathe Fire, Heroism, Finesse, Renounce Religion


You were on level 2 of the Orcish Mines.
You worshipped Okawaru.
Okawaru was extremely pleased with you.
You were not hungry.

You visited 2 branches of the dungeon, and saw 11 of its levels.

You collected 1280 gold pieces.

Inventory:

Hand Weapons
 a - a +2 war axe of chopping (weapon)
 b - a +2 flail of protection
 w - a +3 morningstar of freezing
Armour
 g - a cursed +0 pair of boots (worn)
 h - a +2 cloak (worn)
 i - a +0 shield (worn)
 q - a +1 pair of gloves (worn)
 y - a scarf of cloud immunity
Jewellery
 u - an uncursed ring of fire
Wands
 o - a wand of acid (2)
 r - a wand of iceblast (8)
 x - a wand of clouds (6)
 A - a wand of enslavement (18)
Scrolls
 e - 3 scrolls of remove curse
 f - 6 scrolls of enchant weapon
 j - 7 scrolls of teleportation
 v - a scroll of blinking
 C - a scroll of fear {!r}
Potions
 d - 3 potions of might
 k - 3 potions of heal wounds
 l - a potion of curing
 m - a potion of cancellation
 n - 2 potions of flight
 p - 4 potions of brilliance
 s - 2 potions of haste
 t - a potion of ambrosia {!q}
 B - a potion of berserk rage {!q}
Comestibles
 c - 16 rations
 z - a chunk of flesh


   Skills:
 + Level 9.3(8.6) Fighting
 * Level 11.9(11.1) Axes
 + Level 7.7(7.0) Dodging
 + Level 1.0(0.5) Stealth
 + Level 8.4(7.7) Shields
 + Level 8.7(8.0) Invocations


You had 9 spell levels left.
You knew the following spells:

 Your Spells              Type           Power        Failure   Level  Hunger
x - Passwall              Tmut/Erth      #.........   82%         2    ###....


Dungeon Overview and Level Annotations

Branches:
Dungeon (9/15)             Temple (0/1) D:7             Orc (2/2) D:9
   Lair: D:8-11         Elf: Orc:2

Altars:
Cheibriados
Fedhas
Gozag
Hepliaklqana
Kikubaaqudgha
Makhleb
Nemelex Xobeh
Okawaru
Qazlal
Xom
Yredelemnul
Zin
The Shining One

Shops:
Orc:1 [

Annotations:
Orc:1 Gastronok, Josephine, Maurice
Orc:2 exclusion: 2 upstairs


Innate Abilities, Weirdness & Mutations

You can breathe blasts of fire.
Your fiery red scales are hard. (AC +8)
You cannot fit into any form of body armour.
Your flesh is heat resistant. (rF+)
You are cold-blooded and may be slowed by cold attacks.


Message History

The orc wizard is almost dead.
The orc wizard casts a spell at you. The magic dart hits you!
You hit the orc wizard.
You kill the orc wizard!
Okawaru accepts your kill.
An orc comes into view.
You slash the orc wizard!
You tail-slap the orc wizard, but do no damage.
The orc wizard is almost dead.
You block the orc wizard's attack.
You slice the orc wizard!!
You kill the orc wizard!
Okawaru accepts your kill.
You barely miss the orc priest. The orc priest misses you.
You slice the orc priest!!
You kill the orc priest!
Okawaru accepts your kill.
You barely miss the orc. You tail-slap the orc.
The orc is heavily wounded.
You closely miss the orc.
Your tail-slap misses the orc.
The orc is heavily wounded.
You block the orc's attack.
You hit the orc.
The orc is almost dead.
You block the orc's attack.
An orc wizard comes into view. It is wielding a dagger.
You barely miss the orc.
The orc is almost dead.
You block the orc's attack.
The orc wizard moves out of view.
You barely miss the orc.
The orc is almost dead.
The orc barely misses you.
You hit the orc.
You kill the orc!
An orc priest comes into view. It is wielding a hand axe.
Items here: ))) [[ † You butcher the orc corpse.
Items here: % ))) [[ ÷ You hit the orc wizard.
The orc wizard is heavily wounded.
The orc wizard barely misses you.
The orc priest casts a cantrip, but nothing happens.
Items here: ))) [[[[ † You slash the orc wizard!
You kill the orc wizard!
Okawaru accepts your kill.
Items here: % )))) [[[ ÷ † An orc priest comes into view.
It is wielding a short sword.
The orc priest moves out of view.
Things that are here:
a dagger; a robe The orc priest hits you but does no damage.
You slash the orc priest!
You kill the orc priest!
Okawaru accepts your kill.
Things that are here:
a hand axe; an orc corpse
Things that are here:
a hand axe; an orc corpse You butcher the orc corpse.
Things that are here:
a hand axe; 2 chunks of flesh; an orc skeleton An orc priest is nearby!
The orc priest shouts!
You hear a shout!
The orc priest hits you but does no damage.
An orc priest comes into view. It is wielding a mace.
The orc priest invokes the aid of Beogh against you.
You resist with significant effort.
You hear a shout! x5
You slash the orc priest!
The orc priest is severely wounded.
You hear a shout! x2
You block the orc priest's attack.
An orc wizard comes into view. It is wielding a dagger of speed.
You slash the orc priest!
You kill the orc priest!
Okawaru accepts your kill.
An orc wizard comes into view. It is wielding a dagger.
The orc priest invokes the aid of Beogh against you.
Beogh smites you!
* * * LOW HITPOINT WARNING * * *
Things that are here:
a hand axe; 2 chunks of flesh; an orc skeleton You take 11 damage, and have 20/104 hp.
An orc wizard and an orc sorcerer come into view.
The orc wizard begins to cast a cantrip, but forgets the words!
You hit the orc priest.
The orc priest is moderately wounded.
The orc wizard casts a spell.
The orc wizard flickers and vanishes!
Deactivating autopickup; reactivate with Ctrl-A.
The orc priest barely misses you.
An orc wizard comes into view. It is wielding a dagger.
You slash the orc priest!
You kill the orc priest!
Okawaru accepts your kill.
The orc sorcerer points at you and mumbles some strange words.
The bolt of negative energy hits you!
You feel drained.
You die...

...### ....# ..........
..### ........o. .##
#......ooo .## ##.#.....#
..## #...#...o# .#.#
#.......# .###
###....).)#
..######.#...##.@#
......#.......#.)##
....####......#...##
....##
#.....#..)##############
.....#
##..#.###..)))..).)....))
..#.## #...###
################# ..###
####.## ### ##. ..#
##.....## ###.#### #..
.## ##.......## #....#.#
####.


You could see an orc sorcerer and 4 orc wizards.

Vanquished Creatures
  The ghost of Frank the Carver, a journeyman OpFi of Wu Jian (D:9)
  5 two-headed ogres
  An orc high priest (Orc:2)
  Nergalle (Orc:1)
  The ghost of Frank the Carver, a novice OpFi of Wu Jian (D:7)
  Pikel (D:9)
  The ghost of Stimme the Cleaver, a novice HOFi (D:5)
  An orc sorcerer (Orc:2)
  A cyclops (Orc:2)
  Psyche (D:9)
  2 trolls (D:9)
  The ghost of p0werm0de the Insei, an amateur OpMo (D:3)
  A hippogriff (D:9)
  Sigmund (D:2)
  A wyvern (D:9)
  A human (D:7)
  2 hogs (D:7)
  7 yaks
  3 wargs (Orc:2)
  Menkaure (D:4)
  A sky beast (D:6)
  A slave (D:9)
  10 orc warriors
  A black bear (D:8)
  2 phantoms
  9 ogres
  A centaur (D:6)
  2 bullfrogs (D:6)
  7 big kobolds
  A wyvern zombie (D:6)
  2 gnoll sergeants (D:9)
  2 scorpions
  5 killer bees (D:7)
  8 wights
  7 crimson imps
  A centaur zombie (D:8)
  3 hounds
  12 orc priests
  2 jellies
  16 orc wizards
  An iguana (D:3)
  5 worker ants
  Ijyb (D:4)
  A hound skeleton (D:7)
  8 gnolls
  A howler monkey skeleton (D:5)
  11 adders
  A shadow imp (D:6)
  An ooze (D:1)
  An adder zombie (D:8)
  4 worms (D:2)
  5 dart slugs
  4 leopard geckos
  44 orcs
  6 bats
  7 giant cockroaches
  5 goblins
  6 hobgoblins
  9 jackals
  3 quokkas
  A ball python (D:2)
  8 frilled lizards
  A jackal skeleton (D:8)
  22 kobolds
  9 rats
292 creatures vanquished.

Vanquished Creatures (others)
  A yak (D:9)
  A black bear (D:9)
  3 slaves (D:9)
  An adder (D:9)
  A shadow imp (D:9)
  2 kobolds (D:9)
9 creatures vanquished.

Grand Total: 301 creatures vanquished

Notes
Turn   | Place    | Note
-------+----------+-------------------------------------------
     0 | D:1      | Monsterracer the Draconian Fighter began the quest for the Orb.
     0 | D:1      | Reached XP level 1. HP: 19/19 MP: 1/1
     2 | D:1      | Noticed a centaur
     2 | D:1      | Noticed a naga
     4 | D:1      | Noticed a tengu
     4 | D:1      | Noticed a vampire
     6 | D:1      | Noticed a gargoyle
     6 | D:1      | Noticed a draconian
     8 | D:1      | Noticed an elf
     8 | D:1      | Noticed a human
    10 | D:1      | Noticed an ogre
    10 | D:1      | Noticed a formicid
    12 | D:1      | Noticed a demigod
    14 | D:1      | Noticed a minotaur
    16 | D:1      | Noticed a demonspawn
    16 | D:1      | Noticed a vine stalker
    18 | D:1      | Noticed a halfling
    20 | D:1      | Noticed a troll
    22 | D:1      | Noticed a spriggan
    22 | D:1      | Noticed a felid
    24 | D:1      | Noticed a ghoul
    24 | D:1      | Noticed an octopode
    26 | D:1      | Noticed a dwarf
    26 | D:1      | Noticed a merfolk
   195 | D:1      | Reached XP level 2. HP: 26/26 MP: 2/2
   245 | D:1      | Reached skill level 3 in Axes
  1015 | D:2      | Reached XP level 3. HP: 31/31 MP: 3/3
  1061 | D:2      | Found an ancient bone altar of Kikubaaqudgha.
  1127 | D:2      | Found a blossoming altar of Fedhas.
  1131 | D:2      | Reached skill level 4 in Axes
  1207 | D:2      | Found a blossoming altar of Fedhas.
  1230 | D:2      | Found an iron altar of Okawaru.
  1247 | D:2      | Became a worshipper of Warmaster Okawaru
  1443 | D:2      | Reached XP level 4. HP: 38/38 MP: 4/4
  1836 | D:2      | Noticed a phantom
  2226 | D:2      | HP: 14/38 [phantom (6)]
  2246 | D:2      | Killed a phantom
  2246 | D:2      | Reached skill level 1 in Invocations
  2246 | D:2      | Reached XP level 5. HP: 16/46 MP: 4/6
  2506 | D:2      | Noticed Sigmund
  2571 | D:2      | HP: 21/46 [something (8)]
  3181 | D:3      | Reached skill level 5 in Axes
  3306 | D:3      | Noticed p0werm0de's ghost (amateur OpMo)
  3324 | D:3      | Killed p0werm0de's ghost
  3324 | D:3      | Reached XP level 6. HP: 44/52 MP: 7/7
  3540 | D:3      | Found an opulent altar of Gozag.
  3609 | D:3      | Reached * piety under Okawaru
  4101 | D:3      | Your scales start taking on a fiery red colour.
  4101 | D:3      | Reached XP level 7. HP: 59/59 MP: 8/8
  4101 | D:3      | Gained mutation: Your flesh is heat resistant. (rF+) [Red Draconian growth]
  4244 | D:2      | Killed Sigmund
  4244 | D:2      | Reached skill level 6 in Axes
  4606 | D:4      | Noticed Ijyb
  4613 | D:4      | Killed Ijyb
  4696 | D:4      | Noticed Menkaure
  4701 | D:4      | HP: 29/60 [??? (26)]
  4702 | D:4      | Killed Menkaure
  4901 | D:4      | Reached ** piety under Okawaru
  5094 | D:4      | Found a glowing golden altar of the Shining One.
  5286 | D:4      | Found a snail-covered altar of Cheibriados.
  5350 | D:4      | Found a sparkling altar of Nemelex Xobeh.
  5421 | D:5      | Entered Level 5 of the Dungeon
  5421 | D:5      | Noticed Stimme's ghost (novice HOFi)
  5429 | D:5      | HP: 29/60 [Stimme's ghost (9)]
  5430 | D:5      | Killed Stimme's ghost
  5430 | D:5      | Reached skill level 5 in Fighting
  5430 | D:5      | Reached skill level 7 in Axes
  5430 | D:5      | Reached XP level 8. HP: 34/69 MP: 9/11
  5707 | D:5      | Found a burning altar of Makhleb.
  5712 | D:5      | Reached *** piety under Okawaru
  5712 | D:5      | Reached skill level 5 in Shields
  6419 | D:6      | Found a hazy altar of Hepliaklqana.
  6578 | D:6      | Reached XP level 9. HP: 71/75 MP: 12/12
  6718 | D:6      | Reached skill level 8 in Axes
  6859 | D:6      | Reached skill level 5 in Dodging
  6987 | D:6      | Reached **** piety under Okawaru
  7110 | D:6      | Reached skill level 5 in Invocations
  7636 | D:7      | Found a staircase to the Ecumenical Temple.
  7711 | D:7      | HP: 35/77 [killer bee (5)]
  7717 | D:7      | HP: 34/77 [poisoned by a killer bee]
  7725 | D:7      | HP: 25/77 [killer bee (2)]
  7730 | D:7      | HP: 19/77 [poisoned by a killer bee]
  7825 | D:7      | Noticed Frank's ghost (novice OpFi)
  7869 | D:7      | HP: 31/78 [Frank's ghost (17)]
  7874 | D:7      | HP: 23/78 [Frank's ghost (4)]
  7879 | D:7      | Killed Frank's ghost
  8173 | D:7      | Reached skill level 9 in Axes
  8456 | D:7      | Found a stormy altar of Qazlal.
  8456 | D:7      | Found a basalt altar of Yredelemnul.
  8687 | D:7      | Reached XP level 10. HP: 72/86 MP: 14/14
  8878 | D:7      | HP: 39/86 [yak (18)]
  8884 | D:7      | Reached ***** piety under Okawaru
  9495 | D:8      | Learned a level 2 spell: Passwall
  9736 | D:8      | Noticed a two-headed ogre
  9742 | D:8      | Killed a two-headed ogre
  9999 | D:8      | Noticed a two-headed ogre
 10001 | D:8      | Noticed a two-headed ogre
 10009 | D:8      | Killed a two-headed ogre
 10009 | D:8      | Reached skill level 10 in Axes
 10029 | D:8      | Killed a two-headed ogre
 10217 | D:8      | Found a glowing silver altar of Zin.
 10312 | D:9      | Noticed Pikel
 10324 | D:9      | Killed Pikel
 10391 | D:9      | HP: 41/88 [orc warrior/mace (6)]
 10686 | D:9      | Noticed Frank's ghost (journeyman OpFi)
 10694 | D:9      | Received a gift from Okawaru
 10730 | D:9      | Reached XP level 11. HP: 94/94 MP: 16/16
 10740 | D:9      | Killed Frank's ghost
 10937 | D:9      | Found a shimmering altar of Xom.
 10939 | D:9      | Noticed a two-headed ogre
 11126 | D:9      | Found a staircase to the Orcish Mines.
 11179 | D:9      | Reached skill level 11 in Axes
 11181 | D:9      | HP: 47/95 [troll (3)]
 11190 | D:9      | HP: 47/95 [gnoll/spear (1)]
 11197 | D:9      | Received a gift from Okawaru
 11199 | D:9      | HP: 44/95 [gnoll/spear (5)]
 11285 | D:9      | Noticed Psyche
 11288 | D:9      | Killed Psyche
 11525 | D:9      | Noticed a two-headed ogre
 11531 | D:9      | Killed a two-headed ogre
 11708 | D:9      | Killed a two-headed ogre
 12041 | Orc:1    | Entered Level 1 of the Orcish Mines
 12049 | Orc:1    | Noticed Nergalle
 12050 | Orc:1    | HP: 37/95 [ogre/giant club (22)]
 12057 | D:9      | HP: 34/95 [troll (5)]
 12294 | Orc:1    | Killed Nergalle
 12521 | Orc:2    | Entered Level 2 of the Orcish Mines
 12537 | Orc:1    | Found Geuf's Armour Shop.
 12538 | Orc:1    | Noticed Josephine
 12538 | Orc:1    | Noticed an orc knight
 12539 | Orc:1    | Noticed an orc sorcerer
 12555 | Orc:2    | HP: 47/97 [orc warrior/halberd (12)]
 12630 | Orc:2    | HP: 46/97 [orc warrior/trident (21)]
 13327 | Orc:2    | HP: 46/97 [warg (11)]
 13548 | Orc:1    | Noticed Gastronok
 13548 | Orc:1    | Noticed Maurice
 13572 | Orc:2    | HP: 46/97 [cyclops (3)]
 14000 | Orc:2    | HP: 47/97 [poisoned by an orc warrior]
 14005 | Orc:2    | HP: 41/97 [poisoned by an orc warrior]
 14010 | Orc:2    | HP: 37/97 [poisoned by an orc warrior]
 14015 | Orc:2    | HP: 34/97 [poisoned by an orc warrior]
 14020 | Orc:2    | HP: 32/97 [poisoned by an orc warrior]
 14025 | Orc:2    | HP: 32/97 [poisoned by an orc warrior]
 14030 | Orc:2    | HP: 17/97 [poisoned by an orc warrior]
 14038 | Orc:2    | HP: 17/97 [poisoned by an orc warrior]
 14072 | Orc:2    | Noticed an orc high priest
 14073 | Orc:2    | HP: 14/97 [orc high priest/divine providence (11)]
 14079 | Orc:2    | Killed an orc high priest
 14111 | Orc:2    | HP: 15/97 [orc warrior/war axe of chopping (8)]
 14166 | Orc:2    | HP: 20/97 [orc priest/nerve-wracking pain (6)]
 14169 | Orc:2    | Noticed an orc sorcerer
 14172 | Orc:2    | Killed an orc sorcerer
 14172 | Orc:2    | Reached skill level 1 in Stealth
 14172 | Orc:2    | Reached XP level 12. HP: 20/104 MP: 18/18
 14212 | Orc:2    | HP: 20/104 [orc priest/divine providence (11)]
 14216 | Orc:2    | Killed from afar by an orc sorcerer

Skill      XL: |  1  2  3  4  5  6  7  8  9 10 11 |
---------------+----------------------------------+-----
Axes           | 3 4 5 7 9 10 11 | 11.9
Dodging        | 3 4 5 6 7 |  7.7
Invocations    | 1 2 4 6 7 8 |  8.7
Fighting       | 4 5 6 7 8 9 |  9.3
Shields        | 4 5 6 7 8 |  8.4
Stealth        | 1 |  1.0

Action                   |  1- 3 |  4- 6 |  7- 9 | 10-12 || total
-------------------------+-------+-------+-------+-------++-------
Melee: War axe           |   101 |   145 |   314 |   442 ||  1002
       Tailslap          |     8 |    21 |    41 |    62 ||   132
Invok: Heroism           |       |       |     3 |     3 ||     6
 Abil: Breathe Fire      |       |       |    13 |    25 ||    38
  Use: Scroll            |     8 |     5 |     7 |     1 ||    21
       Potion            |       |       |     2 |       ||     2
 Stab: Sleeping          |       |       |       |     2 ||     2
  Eat: Chunk             |     2 |     5 |    12 |    21 ||    40
       Ration            |       |     1 |     1 |     1 ||     3
Armor: Skin              |    32 |    42 |   117 |    75 ||   266
Dodge: Dodged            |    39 |    54 |   142 |   183 ||   418
Block: Shield            |    35 |    72 |   170 |   190 ||   467

Vault maps used:
D:1:      kb_arrival_jail
D:2:      kb_forest_paths, nicolae_overflow_crystal_walls,
          kiku_gazebo_garden_becter, old_standard_altar, st_stairs_9,
          fedhas_altar_2, uniq_sigmund
D:3:      lemuel_crystal_altar, minmay_checkerbox
D:4:      nicolae_tso_carved_into_rock, lemuel_coloured_pillars_altar,
          cheibriados_altar_1, first_ration, uniq_ijyb, uniq_menkaure
D:5:      bloody_makhleb, serial_park_tiny_1
D:6:      lemuel_crystal_altar, st_stairs_11
D:7:      gammafunk_temple_overflow_pools, minmay_temple_entry_junction,
          grunt_livestock, hangedman_decor_riveting
D:8:      zin_statuary, grunt_decor_resistance
D:9:      xom_confusion_cloud, kennysheep_orc_monster_closet_entryway,
          uniq_psyche, uniq_pikel
Orc:1:    serial_shops, shop, uniq_nergalle, uniq_gastronok, uniq_josephine,
          uniq_maurice
Orc:2:    st_orc_mages
